 Dungeon Crawl Stone Soup version 0.31.0-9-g3a7656b989 (webtiles) character file.

Game seed: 154527096709084303

81 qw the Shooter (level 4, -1/25 HPs)
             Began as a Deep Elf Hunter on Feb 2, 2024.
             Slain by Sigmund
             ... wielding a +0 scythe
              (8 damage)
             ... on level 2 of the Dungeon.
             The game lasted 00:00:04 (1131 turns).

qw the Shooter (Deep Elf Hunter)                    Turns: 1131, Time: 00:00:04

Health: -1/25      AC:  3    Str: 10    XL:     4   Next: 19%
Magic:  6/6        EV: 12    Int: 14    God:
Gold:   71         SH:  0    Dex: 18    Spells: 3/3 levels left

rFire   . . .        a - +0 shortbow
rCold   . . .        (shield currently unavailable)
rNeg    . . .        c - +0 leather armour
rPois   .            (no helmet)
rElec   .            (no cloak)
rCorr   .            (no gloves)
SInv    .            (no boots)
Will    .....        (no amulet)
Stlth   ++           (no ring)
HPRegen 0.24/turn    (no ring)
MPRegen 0.10/turn

%: no passive effects
@: no status effects
A: no striking features
a: no special abilities


You were on level 2 of the Dungeon.
You visited 1 branch of the dungeon, and saw 2 of its levels.

You collected 71 gold pieces.


   Skills:
 - Level 1.5 Fighting
 + Level 7.6 Ranged Weapons
 - Level 2.4 Dodging
 - Level 1.2 Stealth


You had 3 spell levels left.
You didn't know any spells.
Your spell library was empty.

Inventory:

Hand Weapons
 a - a +0 shortbow (weapon)
Armour
 c - a +0 leather armour (worn)
Jewellery
 f - an amulet of regeneration
Scrolls
 b - a scroll of torment {unknown}
 d - 2 scrolls of fog {unknown}
Potions
 e - a potion of curing
 g - a potion of resistance {unknown}
 h - 2 potions of haste {unknown}
 i - a potion of lignification {unknown}

Dungeon Overview and Level Annotations

Branches:
Dungeon (2/15)

Altars:

Annotations:
D:2 Sigmund


Message History

You see here an inky potion.
You shoot an arrow. The endoplasm quivers.
The arrow hits the endoplasm.
The endoplasm is moderately wounded.
You shoot an arrow. The arrow hits the endoplasm.
The endoplasm is almost dead.
You shoot an arrow.
The arrow hits the endoplasm but does no damage.
The endoplasm is almost dead.
You shoot an arrow. The arrow hits the endoplasm!
You kill the endoplasm!
h - an inky potion
i - a grey potion You now have 71 gold pieces (gained 12).
d - 2 scrolls labelled QUIHOSCHY VETIR (gained 1)
You see here a +3 heavy hand axe.
h - 2 inky potions (gained 1) Sigmund the Dreaded comes into view.
He is wielding a +0 scythe.
You shoot an arrow. The arrow hits Sigmund!
Sigmund is moderately wounded.
You shoot an arrow. The arrow barely misses Sigmund.
You shoot an arrow. The arrow hits Sigmund.
Sigmund is moderately wounded.
You shoot an arrow. The arrow hits Sigmund.
Sigmund is moderately wounded.
You shoot an arrow. The arrow hits Sigmund.
Sigmund is heavily wounded.
Sigmund hits you from afar with a +0 scythe!
You shoot an arrow. The arrow barely misses Sigmund.
You shoot an arrow. The arrow closely misses Sigmund.
Sigmund points at you and mumbles some strange words.
The puff of flame hits you!
You shoot an arrow. The arrow barely misses Sigmund.
Sigmund closely misses you.
You shoot an arrow. The arrow hits Sigmund.
Sigmund is severely wounded.
Sigmund hits you from afar with a +0 scythe!
You die...
Sigmund begins carving another notch in his scythe.

..#....................
........................
.............###......).
.............###........
.............#..........
.............#..........
........................
.........#..............
.......@.#.........#....
.....@...#.........#....
.........#........##....
.........#........##....
##########........######
#........# #........#
##########


You could see Sigmund.

Vanquished Creatures
  Natasha (D:2)
  2 adders (D:2)
  5 dart slugs
  A ribbon worm (D:2)
  3 bats
  An endoplasm (D:2)
  2 hobgoblins (D:2)
  5 kobolds
  2 ball pythons
  2 frilled lizards
  3 goblins
  A rat (D:1)
28 creatures vanquished.

Notes
Turn   | Place    | Note
-------+----------+-------------------------------------------
     0 | D:1      | qw the Deep Elf Hunter began the quest for the Orb.
     0 | D:1      | Reached XP level 1. HP: 12/12 MP: 3/3
     0 | D:1      | 0 ||| qw: Version: 0.3-a-155-g5e7d8dd
     0 | D:1      | 0 ||| qw: Game counter: 1669
     0 | D:1      | 0 ||| qw: Melee chars always use a shield: true
     0 | D:1      | 0 ||| qw: God list: Okawaru
     0 | D:1      | 0 ||| qw: Allow faded altars: false
     0 | D:1      | 0 ||| qw: Do Orc after clearing Dungeon:15 true
     0 | D:1      | 0 ||| qw: Do second Lair branch before Depths: true
     0 | D:1      | 0 ||| qw: Lair rune preference: random
     0 | D:1      | 0 ||| qw: Goals: Normal
     0 | D:1      | 0 ||| PLANNING D:1-11
   488 | D:1      | Reached XP level 2. HP: 16/16 MP: 4/4
   506 | D:1      | Reached skill level 6 in Ranged Weapons
   726 | D:1      | 726 ||| READING scroll labelled SUUHEMP ECWOXE.
   726 | D:1      | 726 ||| IDENTIFYING green potion
   727 | D:1      | 727 ||| READING 3 scrolls labelled POYDDE MIUSS.
   728 | D:1      | 728 ||| DRINKING 2 silvery potions.
   729 | D:1      | 729 ||| DRINKING 2 viscous ruby potions.
   730 | D:1      | 730 ||| DROPPING scroll of butterflies.
   731 | D:1      | 731 ||| DROPPING potion of degeneration.
   732 | D:1      | 732 ||| DROPPING 2 scrolls of blinking.
   733 | D:1      | 733 ||| DROPPING potion of attraction.
   874 | D:2      | Reached XP level 3. HP: 12/20 MP: 5/5
  1021 | D:2      | Noticed Natasha
  1032 | D:2      | Killed Natasha
  1033 | D:2      | Reached skill level 7 in Ranged Weapons
  1033 | D:2      | Reached XP level 4. HP: 18/25 MP: 6/6
  1122 | D:2      | Noticed Sigmund
  1129 | D:2      | HP: 6/25 [Sigmund/puff of flame (8)]
  1131 | D:2      | Slain by Sigmund

Levels and vault maps discovered:
D:1:      minmay_arrival_up_and_down, layout_loops_ring, grunt_decor_resistance
D:2:      layout_basic, shapermc_ecumenical_altar_starsandcircs, uniq_natasha,
          uniq_sigmund

Skill      XL: |  1  2  3 |
---------------+----------+-----
Ranged Weapons | 6 7 |  7.6
Fighting       | |  1.5
Dodging        | |  2.4
Stealth        | |  1.2

Action                     |  1- 3 |  4- 6 || total
---------------------------+-------+-------++-------
   Fire: Shortbow          |   100 |    19 ||   119
    Use: Scroll            |     2 |       ||     2
         Potion            |     2 |       ||     2
 Armour: Leather armour    |    17 |     7 ||    24
  Dodge: Dodged            |    21 |     4 ||    25

Table legend:
 A = Non-vault XP
 B = Vault XP
 C = Vault XP percentage of total XP
 D = Non-vault monster count
 E = Vault monster count
 F = Vault count percentage of total count
                 A         B        C        D         E       F
            +---------+---------+-------+---------+---------+-------
      Total |      80 |      36 |  31.0 |      27 |       1 |   3.6
            +---------+---------+-------+---------+---------+-------
        D:1 |      24 |       0 |   0.0 |      12 |       0 |   0.0
        D:2 |      56 |      36 |  39.1 |      15 |       1 |   6.2
            +---------+---------+-------+---------+---------+-------
